 Dungeon Crawl Stone Soup version 0.20.1-1-g8b1a95d (webtiles) character file.

3257 Glalom the Basher (level 9, -9/80 HPs)
             Began as a Minotaur Fighter on Nov 4, 2017.
             Was a Believer of Trog.
             Killed from afar by a fire dragon (31 damage)
             ... with a blast of flame
             ... on level 8 of the Dungeon.
             The game lasted 00:13:37 (5907 turns).

Glalom the Basher (Minotaur Fighter)                Turns: 5907, Time: 00:13:38

Health: -9/80      AC: 10    Str: 21    XL:     9   Next: 67%
Magic:  8/8        EV: 13    Int:  5    God:    Trog [**....]
Gold:   299        SH:  6    Dex: 13    Spells: 8/8 levels left

rFire    . . .     SeeInvis .   p - +11 dagger "Gel Zeil" {freeze, rC+}
rCold    + + .     Gourm    +   J - +1 buckler {rC+}
rNeg     . . .     Faith    .   b - +0 scale mail
rPois    .         Spirit   .   (helmet restricted)
rElec    .         Reflect  .   t - +0 cloak
rCorr    .         Harm     .   (no gloves)
MR       .....                  i - +0 pair of boots
Stlth    ..........             n - amulet of the gourmand
Regen    0.3/turn               D - +4 ring of evasion
MPRegen  0.2/turn               (no ring)

@: no status effects
A: retaliatory headbutt, horns 2
a: Berserk, Trog's Hand, Burn Spellbooks, Renounce Religion


You were on level 8 of the Dungeon.
You worshipped Trog.
Trog was pleased with you.
You were very full.

You visited 1 branch of the dungeon, and saw 8 of its levels.
You also visited: Sewer.

You collected 464 gold pieces.
You spent 165 gold pieces at shops.

Inventory:

Hand Weapons
 a - a +0 flail
 p - the +11 dagger "Gel Zeil" (weapon) {freeze, rC+}
   (You found it on level 4 of the Dungeon)

   It has been specially enchanted to freeze those struck by it, causing extra
   injury to most foes and up to half again as much damage against particularly
   susceptible opponents.
   It can also slow down cold-blooded creatures.
   It protects you from cold.
 M - the +9 staff of Olgreb {rPois}
   (You found it on level 6 of the Dungeon)

   It protects you from poison.
Armour
 b - a +0 scale mail (worn)
 c - a +0 shield
 i - a +0 pair of boots (worn)
 t - a +0 cloak (worn)
 J - a +1 buckler of cold resistance (worn)
 N - a +0 pair of boots
Jewellery
 n - an amulet of the gourmand (around neck)
 u - a cursed amulet of inaccuracy
 y - an uncursed ring of flight
 D - a +4 ring of evasion (left hand)
Wands
 r - a wand of lightning (11/15)
 w - a wand of acid (11/15)
 I - a wand of polymorph (12/24)
 L - a wand of digging (10/24)
Scrolls
 e - 4 scrolls of identify
 j - 2 scrolls of remove curse {unknown}
 l - 2 scrolls of fear {unknown}
 m - 3 scrolls of teleportation
 q - a scroll of enchant armour {unknown}
 x - a scroll of recharging {unknown}
 E - a scroll of enchant weapon {unknown}
 K - a scroll of immolation {unknown}
Potions
 d - 3 potions of might
 g - 2 potions of mutation
 o - 2 potions of brilliance
 s - 3 potions of heal wounds
 v - 4 potions of flight
 z - a potion of ambrosia {unknown}
 A - 2 potions of curing
 C - a potion of lignification {unknown}
 G - a potion of agility {unknown}
 H - a potion of resistance {unknown}
Books
 F - a book of Flames

   Spells                             Type                      Level
   a - Flame Tongue                   Conjuration/Fire             1
   b - Throw Flame                    Conjuration/Fire             2
   c - Conjure Flame                  Conjuration/Fire             3
   d - Inner Flame                    Hexes/Fire                   3
   e - Sticky Flame                   Conjuration/Fire             4
   f - Fireball                       Conjuration/Fire             5
   Trog disapproves of the use of such an item.
Comestibles
 f - 7 bread rations
 h - 4 meat rations
 k - 4 fruits
 B - a royal jelly
 O - 2 chunks of flesh


   Skills:
 + Level 7.6 Fighting
 * Level 12.5 Maces & Flails
 + Level 7.7 Armour
 + Level 5.3 Shields


You had 8 spell levels left.
You didn't know any spells.

Dungeon Overview and Level Annotations

Branches:
Dungeon (7/15)             Temple (0/1) D:7

Altars:
Elyvilon
Hepliaklqana
Nemelex Xobeh
Okawaru
Trog
Uskayaw
Vehumet
Xom

Shops:
D:6 [

Annotations:
D:6 1 runed door


Innate Abilities, Weirdness & Mutations

You reflexively headbutt those who attack you in melee.
You have a pair of horns on your head.


Message History

A fire dragon comes into view.
The fire dragon breathes flames at you. The blast of flame hits you!
The fire dragon bites you but does no damage.
The fire dragon barely misses you.
The fire dragon tramples you but does no damage.
There is an open door here.
You hit the fire dragon. You freeze the fire dragon.
The fire dragon is lightly wounded.
The fire dragon breathes flames at you. The blast of flame hits you!
The fire dragon bites you but does no damage.
The fire dragon claws you.
* * * LOW HITPOINT WARNING * * *
The fire dragon tramples you but does no damage.
You open the door.
A killer bee comes into view.
The fire dragon breathes flames at you. The blast of flame hits you!
You die...

### ...
#y# #.#
#.#
##@##
##...##
#D###.#
#.#}#.#
#.#'#.#
##...##
#####


You could see a fire dragon and a killer bee.

Vanquished Creatures
  A two-headed ogre (D:5)
  3 soldier ants (D:6)
  An orc warrior (D:6)
  4 water moccasins (D:6)
  3 ogres
  A centaur (D:6)
  3 phantoms
  A bullfrog (D:6)
  7 killer bees (D:6)
  4 crimson imps (D:5)
  A quasit (D:6)
  An orc priest (D:6)
  2 hounds
  A bullfrog skeleton (D:6)
  An orc wizard (D:3)
  2 iguanas (D:5)
  A merfolk siren (Sewer)
  7 worker ants
  A merfolk avatar (Sewer)
  2 hound zombies
  11 adders
  A river rat (Sewer)
  A shadow imp (D:6)
  2 oozes
  5 worms
  3 dart slugs
  3 leopard geckos
  7 orcs
  6 ball pythons (Sewer)
  4 bats
  7 giant cockroaches
  4 goblins
  7 hobgoblins
  10 kobolds
  7 quokkas
  8 frilled lizards
  A giant cockroach zombie (D:5)
  A quokka zombie (D:6)
  36 rats
171 creatures vanquished.

Vanquished Creatures (others)
  An adder skeleton (D:5)
1 creature vanquished.

Grand Total: 172 creatures vanquished

Notes
Turn   | Place    | Note
-------+----------+-------------------------------------------
     0 | D:1      | Glalom the Minotaur Fighter began the quest for the Orb.
     0 | D:1      | Reached XP level 1. HP: 19/19 MP: 0/0
     5 | D:1      | You fall through a shaft!
    42 | D:2      | Reached skill level 3 in Maces & Flails
   384 | D:2      | Reached XP level 2. HP: 26/26 MP: 1/1
   388 | D:2      | Found a white marble altar of Elyvilon.
   405 | D:2      | Found a faded altar of an unknown god.
   497 | D:2      | Found a shimmering altar of Xom.
   545 | D:2      | Reached skill level 4 in Maces & Flails
   776 | D:2      | Reached XP level 3. HP: 31/31 MP: 2/2
   872 | D:2      | Reached skill level 5 in Maces & Flails
  1137 | D:1      | Reached XP level 4. HP: 39/39 MP: 3/3
  1751 | D:3      | Noticed an ogre
  1762 | D:3      | Killed an ogre
  1762 | D:3      | Reached skill level 6 in Maces & Flails
  1762 | D:3      | Reached XP level 5. HP: 13/45 MP: 4/4
  1909 | D:3      | Found a glowing drain.
  2007 | Sewer    | Entered a sewer
  2089 | Sewer    | Reached skill level 7 in Maces & Flails
  2313 | Sewer    | Reached XP level 6. HP: 51/51 MP: 5/5
  2834 | D:3      | Reached skill level 8 in Maces & Flails
  3000 | D:3      | Noticed a moth of wrath
  3002 | D:3      | Found a bloodstained altar of Trog.
  3016 | D:3      | Became a worshipper of Trog the Wrathful
  3290 | D:4      | Got a jewelled dagger
  3291 | D:4      | Identified the +11 dagger "Gel Zeil" {freeze, rC+} (You found it on level 4 of the Dungeon)
  3707 | D:5      | Entered Level 5 of the Dungeon
  3707 | D:5      | Noticed a two-headed ogre
  3816 | D:5      | Reached XP level 7. HP: 52/59 MP: 6/6
  3868 | D:5      | Reached skill level 9 in Maces & Flails
  3902 | D:5      | Found a radiant altar of Vehumet.
  3987 | D:5      | Killed a two-headed ogre
  3987 | D:5      | Reached * piety under Trog
  3987 | D:5      | Reached skill level 10 in Maces & Flails
  3987 | D:5      | Reached skill level 5 in Armour
  3987 | D:5      | Reached XP level 8. HP: 22/70 MP: 7/7
  4348 | D:5      | Found a hide-covered altar of Uskayaw.
  4401 | D:5      | Found an iron altar of Okawaru.
  4683 | D:6      | Found a runed door.
  4687 | D:6      | Found Uwnuugua's Armour Boutique.
  4701 | D:6      | Reached skill level 11 in Maces & Flails
  4715 | D:6      | Found a runed gate.
  4740 | D:6      | Bought a +1 buckler of cold resistance for 165 gold pieces
  4778 | D:6      | Found a runed gate.
  4786 | D:6      | Found a runed door.
  4796 | D:6      | Found a runed gate.
  4814 | D:6      | Reached XP level 9. HP: 78/78 MP: 8/8
  5298 | D:6      | Reached skill level 12 in Maces & Flails
  5468 | D:6      | Reached skill level 5 in Shields
  5617 | D:6      | Found a sparkling altar of Nemelex Xobeh.
  5623 | D:6      | Found a hazy altar of Hepliaklqana.
  5755 | D:6      | Reached ** piety under Trog
  5893 | D:7      | Found a staircase to the Ecumenical Temple.
  5897 | D:7      | You fall through a shaft!
  5898 | D:8      | Noticed a fire dragon
  5907 | D:8      | Killed from afar by a fire dragon

Skill      XL: |  1  2  3  4  5  6  7  8  9 |
---------------+----------------------------+-----
Maces & Flails | 3 4 5 6 7 8 10 11 12 | 12.5
Fighting       | 4 6 7 |  7.6
Armour         | 4 5 6 7 |  7.7
Shields        | 5 |  5.3

Action                   |  1- 3 |  4- 6 |  7- 9 || total
-------------------------+-------+-------+-------++-------
Melee: Flail             |    56 |   166 |       ||   222
       Headbutt          |    10 |    21 |    29 ||    60
       Dagger            |       |    23 |   143 ||   166
Invok: Burn Spellbooks   |       |     1 |     1 ||     2
       Berserk           |       |       |     4 ||     4
  Use: Scroll            |       |     5 |     4 ||     9
       Potion            |       |       |     1 ||     1
  Eat: Chunk             |     1 |     8 |    19 ||    28
Armor: Scale mail        |    31 |    98 |    49 ||   178
Dodge: Dodged            |    33 |    95 |    85 ||   213
Block: Buckler           |       |       |    23 ||    23
